 Dungeon Crawl Stone Soup version 0.29-a0-393-g47a863cc1b (webtiles) character file.

Game seed: 7595035905657320982

10035 fishcoup the Cleaver (level 11, -1/77 HPs)
             Began as an Octopode Delver on May 10, 2022.
             Was a Follower of Uskayaw.
             Slain by an unseen horror (6 damage)
             ... on level 11 of the Dungeon.
             The game lasted 00:27:41 (16234 turns).

fishcoup the Cleaver (Octopode Delver)             Turns: 16234, Time: 00:27:41

Health: -1/77      AC:  5    Str: 17    XL:     11   Next: 55%
Magic:  14/14      EV: 16    Int: 18    God:    Uskayaw [*.....]
Gold:   558        SH:  5    Dex: 13    Spells: 4/10 levels left

rFire   x . .      SeeInvis .   c - +3 woodcutter's axe {vorpal}
rCold   + + .      Faith    .   (shield currently unavailable)
rNeg    . . .      Spirit   .   (helmet restricted)
rPois   .          Reflect  +   m - amulet of reflection
rElec   .          Harm     .   r - +6 ring of strength
rCorr   .          Rampage  .   C - +4 ring of protection
Will    .....                   y - ring of protection from fire
Stlth   ++++......              T - ring of ice
HPRegen 0.22/turn               h - ring of ice
MPRegen 0.14/turn               (no ring)
                                (no ring)
                                (no ring)

@: no status effects
A: almost no armour, amphibious, 8 rings, camouflage 1, gelatinous body 1,
(nimble swimmer 1), tentacles
a: Renounce Religion, Stomp


You were on level 11 of the Dungeon.
You worshipped Uskayaw.
Uskayaw was noncommittal.
You visited 2 branches of the dungeon, and saw 12 of its levels.
You also visited: Bailey.

You collected 720 gold pieces.
You spent 162 gold pieces at shops.

Inventory:

Hand Weapons
 c - the +3 woodcutter's axe (weapon) {vorpal}
   (You found it on level 9 of the Dungeon)

   It inflicts extra damage upon your enemies.
 p - a +2 mace of venom
 s - a +1 vorpal mace
 x - a +4 trident
 J - a +0 antimagic morningstar
 N - a +1 spear of pain
 P - a +0 spear of freezing
Missiles
 u - 23 poisoned darts
 O - a throwing net {!f}
 V - 2 curare-tipped darts (quivered)
Armour
 H - a +0 buckler
Jewellery
 h - a ring of ice (on tentacle)
 m - an amulet of reflection (around mantle)
 r - a +6 ring of strength (left tentacle)
 y - a ring of protection from fire (on tentacle)
 C - a +4 ring of protection (right tentacle)
 Q - an amulet of the acrobat
 T - a ring of ice (on tentacle)
Wands
 e - a wand of mindburst (7)
 f - a wand of digging (3) {@v3}
 F - a wand of polymorph (10)
 S - a wand of acid (2) {@v1}
Scrolls
 a - a scroll of torment {unknown}
 b - 4 scrolls of fog
 d - 3 scrolls of fear
 j - 2 scrolls of amnesia
 l - 3 scrolls of enchant armour
 q - 3 scrolls of immolation
 t - a scroll of summoning
 v - 12 scrolls of teleportation {@r3}
 A - 2 scrolls of enchant weapon
 D - a scroll of brand weapon
 L - a scroll of silence
 U - a scroll of blinking {@r4}
 X - a scroll of poison
Potions
 g - 4 potions of haste {@q4}
 i - 2 potions of lignification {unknown}
 k - 2 potions of resistance {@q5}
 n - a potion of attraction {unknown}
 o - 2 potions of curing {unknown}
 w - a potion of berserk rage {unknown}
 B - 6 potions of invisibility
 I - 4 potions of mutation {unknown}
 M - 3 potions of brilliance
 R - 2 potions of heal wounds {@q2}
 W - a potion of degeneration {unknown}
 Y - a potion of might {unknown}
 Z - 2 potions of magic {unknown}


   Skills:
 - Level 8.0 Fighting
 - Level 2.0(4.6) Short Blades
 - Level 6.6(6.8) Long Blades
 * Level 10.5 Axes
 - Level 7.5 Dodging
 - Level 6.6 Stealth
 - Level 4.1 Invocations
 - Level 7.1 Evocations


You had 4 spell levels left.
You knew the following spells:

 Your Spells              Type           Power      Damage    Failure   Level
a - Passwall              Tmut/Erth      0%         N/A       32%         2
b - Call Canine Familiar  Summ           0%         N/A       54%         3
c - Apportation           Tloc           0%         N/A       22%         1

Your spell library contained the following spells:

 Spells                   Type           Power      Damage    Failure   Level
 Magic Dart               Conj           0%         1d3       22%         1
 Ensorcelled Hibernation  Hex/Ice        0%         N/A       32%         2
 Searing Ray              Conj           0%         2d4       32%         2
 Sublimation of Blood     Necr           0%         N/A       32%         2
 Ignite Poison            Fire/Tmut/Pois 0%         N/A       54%         3
 Mephitic Cloud           Conj/Pois/Air  0%         N/A       54%         3
 Portal Projectile        Hex/Tloc       0%         N/A       54%         3
 Swiftness                Air            0%         N/A       54%         3
 Fulminant Prism          Conj/Hex       0%         3d6       91%         4
 Leda's Liquefaction      Hex/Erth       0%         N/A       91%         4
 Petrify                  Tmut/Erth      0%         N/A       91%         4
 Alistair's Intoxication  Tmut/Pois      0%         N/A       99%         5
 Freezing Cloud           Conj/Ice/Air   0%         6-21      99%         5
 Irradiate                Conj/Tmut      0%         3d13      99%         5


Dungeon Overview and Level Annotations

Branches:
Dungeon (11/15)            Temple (1/1) D:4            Lair (0/6) D:9
    Orc (0/2) D:9          Bailey (visited)

Altars:
Ashenzari
Cheibriados
Dithmenos
Elyvilon
Fedhas
Gozag
Hepliaklqana
Kikubaaqudgha
Makhleb
Nemelex Xobeh
Okawaru
Qazlal
Ru
Sif Muna
Trog
Uskayaw
Vehumet
Wu Jian
Xom
Yredelemnul
Zin
The Shining One

Shops:
D:6 *

Annotations:
D:10 4 runed translucent doors


Innate Abilities, Weirdness & Mutations

You cannot wear most types of armour.
You are amphibious.
You can wear up to eight rings at the same time.
Your skin changes colour to match your surroundings (Stealth+).
Your rubbery body absorbs attacks. (AC +1, EV +1)
((You are camouflaged when in or above water. (Stealth+)))
You have tentacles for arms and can constrict up to eight enemies at once.


Message History

You are too injured to fight recklessly!
You are too injured to fight recklessly!
You are too injured to fight recklessly!
You are too injured to fight recklessly!
There are monsters nearby!
There are monsters nearby!
Something barely misses you. Something hits you but does no damage.
The polar bear attacks as you move away!
You block the polar bear's attack. The polar bear claws you.
* * * LOW HITPOINT WARNING * * *
The polar bear closely misses you. Something hits you!
* * * LOW HITPOINT WARNING * * *
You feel much better. You block the polar bear's attack.
The polar bear misses you. The polar bear barely misses you.
Something hits you! You block something's attack.
Something hits you but does no damage. Something hits you.
You hit something. Something hits you but does no damage. Something hits you.
Something barely misses you.
You closely miss something. Something barely misses you. Something hits you.
You barely miss something. Something closely misses you.
You miss something. Something hits you.
* * * LOW HITPOINT WARNING * * *
You hit the polar bear. You hit something but do no damage. Something hits you.
* * * LOW HITPOINT WARNING * * *
The polar bear closely misses you. The polar bear barely misses you.
You block the polar bear's attack.
As you read the scroll of fear, it crumbles to dust.
You assume a fearsome visage.
The polar bear looks frightened! x2
Something hits you.
* * * LOW HITPOINT WARNING * * *
Something hits you but does no damage. Something hits you!
* * * LOW HITPOINT WARNING * * *
Something hits you.
* * * LOW HITPOINT WARNING * * *
As you read the scroll of fear, it crumbles to dust.
You assume a fearsome visage.
The ice beast looks frightened!
Something hits you.
You die...

.....#.≈.≈≈≈≈≈.........#.#..#####
....##..≈≈≈≈≈.........##.#...#
....#..≈≈≈≈≈≈≈.....#.....)..(###
........≈≈≈≈≈...........#......##
#........≈≈≈.≈..........#.......#
#(##......≈...............#.....#
.#.................Y.....#.....##
......................####.....#
..#........#....@.....# #..§..§.#
.####.##.†.#...#.##..###S≈≈#§§≈≈≈
......###......#.#...≈≈≈≈≈≈#§#§≈≈
.###..###.....####..≈≈≈≈≈≈≈ §#≈≈≈
## # #.......# ....≈≈≈≈≈Y )#≈≈≈ #
#.......##.....##≈≈≈ .# ≈≈ #
##.......# ..###.. .. # .
##......# . ###..##


You could see an ice beast (fleeing).

Vanquished Creatures
  Josephine (D:10)
  Fannar (D:10)
  An orc knight (Bailey)
  2 cyclopes
  A troll (D:9)
  A polar bear (D:11)
  Grinder (D:5)
  Prince Ribbit (D:7)
  8 wraiths
  2 centaur simulacra (D:11)
  A wyvern (D:8)
  A yak (D:11)
  A steam dragon (D:8)
  An acid dragon (D:7)
  A water moccasin (D:5)
  A meliai simulacrum (D:11)
  3 orc warriors
  4 ice beasts
  2 black bears
  An ogre (D:5)
  2 wolves (D:9)
  A phantom (D:4)
  6 centaurs
  2 kobold brigands
  A gnoll sergeant (D:6)
  4 necrophages
  2 scorpions
  2 two-headed ogre simulacra (D:11)
  4 wights
  11 killer bees
  2 howler monkeys
  6 electric eels
  4 hounds
  2 jellies (D:6)
  5 orc priests
  A gnoll shaman (D:5)
  2 iguanas
  Terence (D:2)
  Ijyb (D:3)
  8 orc wizards
  A spriggan simulacrum (D:11)
  6 adders
  19 gnolls
  2 naga simulacra (D:11)
  5 white imps (D:11)
  3 ufetubi (D:6)
  4 worms
  34 orcs
  6 bats
  4 endoplasms
  4 giant cockroaches
  14 goblins
  6 hobgoblins
  2 ball pythons
  3 frilled lizards (D:1)
  16 kobolds
  4 rats
235 creatures vanquished.

Vanquished Creatures (collateral kills)
  An ogre (D:7)
  A jelly (D:5)
  A gnoll (D:6)
3 creatures vanquished.

Vanquished Creatures (others)
  A steam dragon (D:7)
  A human (D:3)
  8 plants (D:3)
10 creatures vanquished.

Grand Total: 248 creatures vanquished

Notes
Turn   | Place    | Note
-------+----------+-------------------------------------------
     0 | D:5      | fishcoup the Octopode Delver began the quest for the Orb.
     0 | D:5      | Reached XP level 1. HP: 16/16 MP: 1/1
     1 | D:6      | Noticed a gnoll sergeant
   107 | D:4      | Noticed a scorpion
   122 | D:3      | Reached XP level 2. HP: 21/21 MP: 2/2
   145 | D:3      | Noticed an ice beast
   266 | D:2      | Reached XP level 3. HP: 27/27 MP: 3/3
   305 | D:2      | Noticed Terence
  1377 | D:2      | Reached XP level 4. HP: 33/33 MP: 4/4
  1433 | D:2      | Found a faded altar of an unknown god.
  1854 | D:3      | Found an ancient bone altar of Kikubaaqudgha.
  1855 | D:3      | Noticed a human
  1857 | D:3      | Killed a human
  1979 | D:3      | You fall into a shaft and drop 2 floors!
  2053 | D:5      | Noticed a scorpion
  2252 | D:6      | Noticed a centaur
  2293 | D:6      | Reached skill level 1 in Evocations
  2293 | D:6      | Reached XP level 5. HP: 38/38 MP: 5/5
  2351 | D:6      | Found Jory's General Store.
  2352 | D:6      | Killed a centaur
  2353 | D:6      | Reached skill level 5 in Fighting
  2353 | D:6      | Reached XP level 6. HP: 45/45 MP: 6/6
  2361 | D:6      | Bought a scroll of summoning for 123 gold pieces
  2361 | D:6      | Bought a scroll of teleportation for 39 gold pieces
  2439 | D:6      | Noticed an orc warrior
  2689 | D:5      | Noticed an ice beast
  2690 | D:5      | Noticed Grinder
  2693 | D:5      | Killed an ice beast
  2709 | D:5      | Killed Grinder
  2710 | D:5      | Reached skill level 5 in Evocations
  2710 | D:5      | Reached XP level 7. HP: 51/51 MP: 7/7
  3169 | D:4      | Learned a level 2 spell: Passwall
  3173 | D:4      | Learned a level 3 spell: Call Canine Familiar
  3188 | D:4      | Reached XP level 8. HP: 51/58 MP: 8/8
  3231 | D:4      | Found a staircase to the Ecumenical Temple.
  3252 | Temple   | Entered the Ecumenical Temple
  3498 | Temple   | Became a worshipper of Uskayaw the Reveller
  3762 | D:4      | Reached * piety under Uskayaw
  3888 | D:5      | Found a shimmering blue altar of Sif Muna.
  3889 | D:5      | Found an iron altar of Okawaru.
  3889 | D:5      | Found a basalt altar of Yredelemnul.
  4002 | D:5      | Reached ** piety under Uskayaw
  4865 | D:3      | Noticed Ijyb
  4877 | D:3      | Reached *** piety under Uskayaw
  4881 | D:3      | Killed Ijyb
  5641 | D:2      | Identified the +3 hunting sling of Fedhas, Conjuring
                  | {vorpal, *Corrode rC+ Int+3 Dex+5}
  5889 | D:2      | Killed Terence
  6253 | D:5      | Reached skill level 1 in Invocations
  7384 | D:6      | Reached XP level 9. HP: 51/66 MP: 1/10
  7658 | D:6      | Reached skill level 5 in Dodging
  8302 | D:6      | Found a blossoming altar of Fedhas.
  8303 | D:6      | Found a sacrificial altar of Ru.
  8808 | D:7      | Reached skill level 1 in Long Blades
  9956 | D:8      | Noticed Prince Ribbit
  9977 | D:7      | Killed Prince Ribbit
 10267 | D:8      | Reached **** piety under Uskayaw
 10269 | D:8      | Reached skill level 5 in Long Blades
 10494 | D:8      | Reached XP level 10. HP: 63/72 MP: 13/13
 10939 | D:8      | Found a sparkling altar of Nemelex Xobeh.
 10939 | D:8      | Found a transporter.
 10939 | D:8      | Noticed a cyclops
 10940 | D:8      | Noticed a centaur warrior
 10968 | D:8      | Killed a cyclops
 11349 | D:9      | Found the +3 woodcutter's axe {vorpal}
 11387 | D:9      | Found a stormy altar of Qazlal.
 11415 | D:9      | Found a flagged portal.
 11467 | Bailey   | Entered a bailey
 11663 | Bailey   | Reached skill level 1 in Axes
 11743 | Bailey   | Noticed an orc knight
 11758 | Bailey   | Killed an orc knight
 11759 | Bailey   | Reached skill level 3 in Axes
 12067 | D:9      | Reached skill level 4 in Axes
 12333 | D:9      | Reached skill level 5 in Axes
 12359 | D:9      | Found a staircase to the Lair.
 12773 | D:9      | Found a radiant altar of Vehumet.
 12881 | D:9      | Reached skill level 6 in Axes
 13119 | D:9      | Found a burning altar of Makhleb.
 13169 | D:9      | Found a staircase to the Orcish Mines.
 13237 | D:9      | Learned a level 1 spell: Apportation
 13279 | D:10     | Entered Level 10 of the Dungeon
 13709 | D:10     | Noticed Josephine
 13724 | D:10     | Killed Josephine
 13725 | D:10     | Reached skill level 7 in Axes
 13725 | D:10     | Reached XP level 11. HP: 67/77 MP: 14/14
 13728 | D:10     | Reached skill level 8 in Axes
 13732 | D:10     | Reached ***** piety under Uskayaw
 13895 | D:10     | Found a huge runed translucent gate.
 13896 | D:10     | Found a huge runed translucent gate.
 13897 | D:10     | Found a huge runed translucent gate.
 13928 | D:10     | Found a huge runed translucent gate.
 13929 | D:10     | Noticed a manticore
 14035 | D:10     | Noticed Fannar
 14049 | D:10     | Killed Fannar
 14050 | D:10     | Reached skill level 9 in Axes
 14804 | D:11     | Found a frozen archway.
 15143 | D:11     | Noticed a cyclops
 15165 | D:11     | Killed a cyclops
 15224 | D:11     | Reached skill level 10 in Axes
 16234 | D:11     | Slain by an unseen horror

Illustrated notes

Levels and vault maps discovered:
D:1:      wander_arrival_chamber, layout_basic
D:2:      layout_basic, chequers_ecumenical_altar_simple, nicolae_wormholes,
          uniq_terence
D:3:      kennysheep_the_goblin_king, layout_loops_corners, tgw_kikubaaqudgha,
          serial_bayou_lake_a
D:4:      layout_rooms, minmay_temple_entry_drinking_statues,
          hangedman_decor_lopped, minmay_misc_feat_roman, minmay_unequal
D:5:      layout_cave_pods, chequers_temple_overflow_statue_of_worship,
          minmay_door_square, nicolae_sextant, uniq_grinder, uniq_eustachio
D:6:      layout_basic, gammafunk_temple_overflow_pools, serial_shops,
          nicolae_shop_hallway_plus, hangedman_decor_opposing
D:7:      layout_rooms
D:8:      layout_cave_pools, grunt_nemelex_the_gamble,
          ebering_dispersal_statue_hall, kennysheep_generic_room_16,
          uniq_prince_ribbit1
D:9:      layout_loops_corners, nicolae_qazlal_style_of_elements,
          kennysheep_mini_moat, mainiacjoe_overflow_alcove_4, erik_lair_island,
          enter_bailey_2, amethyst_killhole
D:10:     lemuel_bear_cage, layout_cave_pools, uniq_josephine, uniq_fannar
D:11:     layout_cave_pools, serial_ice, serial_ice_c, serial_ice_l,
          serial_ice_g, serial_ice_d, serial_ice_b, serial_ice_f,
          portal_ice_cave_entry_ice_simulacra
Temple:   hc_temple_tempest_star

Skill      XL: |  1  2  3  4  5  6  7  8  9 10 11 |
---------------+----------------------------------+-----
Fighting       | 4 5 6 8 |  8.0
Dodging        | 3 4 6 7 |  7.5
Evocations     | 1 3 5 6 7 |  7.1
Invocations    | 2 4 |  4.1
Long Blades    | 5 6 |  6.6
Axes           | 7 10 | 10.5
Short Blades   | |  2.0
Stealth        | |  6.6

Action                   |  1- 3 |  4- 6 |  7- 9 | 10-12 || total
-------------------------+-------+-------+-------+-------++-------
Melee: Dagger            |    42 |    32 |    49 |       ||   123
       Short sword       |     3 |       |   133 |    35 ||   171
       Tentacles         |    10 |     7 |    64 |    44 ||   125
       Constrict         |     6 |     8 |    57 |    31 ||   102
       Punch             |       |     1 |     3 |     3 ||     7
       Lajatang          |       |       |    46 |       ||    46
       Battleaxe         |       |       |       |   213 ||   213
 Fire: Hunting sling     |       |       |     2 |       ||     2
Throw: Dart              |       |       |    29 |     6 ||    35
Invok: Stomp             |       |       |     5 |     2 ||     7
       Line Pass         |       |       |       |     1 ||     1
Evoke: Wand              |       |    11 |    22 |    16 ||    49
  Use: Potion            |       |     1 |       |     5 ||     6
       Scroll            |       |     1 |     2 |    13 ||    16
 Stab: Sleeping          |    18 |     4 |     8 |    18 ||    48
       Distracted        |       |     1 |       |       ||     1
       Paralysed         |       |       |     3 |     4 ||     7
Armor: Skin              |     1 |     2 |    14 |    43 ||    60
Dodge: Dodged            |    12 |    13 |    95 |   141 ||   261
Block: Other             |       |     6 |    13 |    47 ||    66
       Buckler           |       |       |    61 |    12 ||    73
       Reflection        |       |       |     1 |     1 ||     2

Table legend: (Time is in decaauts)
 A = Elapsed time spent in this place.
 B = Non-inter-level travel time spent in this place.
 C = Inter-level travel time spent in this place.
 D = Time resting spent in this place.
 E = Time spent auto-exploring this place.
 F = Levels seen in this place.
 G = Mean time per level.
                   A        B        C        D        E       F      G
               +--------+--------+--------+--------+--------+-----+--------+
         Total |  16237 |  15480 |    757 |   5612 |   7050 |  13 | 1249.0 |
       Dungeon |  15546 |  14798 |    748 |   5491 |   6666 |  11 | 1413.3 |
        Temple |    256 |    247 |      9 |      0 |    221 |   1 |  256.0 |
        Bailey |    434 |    434 |      0 |    121 |    163 |   1 |  434.0 |
               +--------+--------+--------+--------+--------+-----+--------+

Top non-repeatable levels by time:
     D:6: 2761 daAuts
     D:5: 1859 daAuts
     D:9: 1738 daAuts
    D:11: 1605 daAuts
     D:7: 1368 daAuts
     D:8: 1248 daAuts
     D:3: 1229 daAuts
    D:10: 1146 daAuts
     D:2: 1028 daAuts
     D:1: 964 daAuts
     D:4: 597 daAuts
  Bailey: 434 daAuts
  Temple: 256 daAuts
